 Dungeon Crawl Stone Soup version 0.18.1-48-g4cf74bf (webtiles) character file.

1396 Krapule the Nimble (level 8, -14/42 HPs)
             Began as a Spriggan Abyssal Knight on July 25, 2016.
             Was a Priest of Lugonu.
             Shot with a bolt by a tengu warrior (30 damage)
             ... on level 6 of the Dungeon.
             The game lasted 00:21:55 (5367 turns).

Krapule the Nimble (Spriggan Abyssal Knight)        Turns: 5367, Time: 00:22:01

Health: -14/42     AC:  5    Str:  8    XL:     8   Next: 41%
Magic:  15/19      EV: 25    Int: 14    God:    Lugonu [***...]
Gold:   188        SH:  3    Dex: 17    Spells: 0 memorised, 7 levels left

rFire  + . .     SeeInvis +     r - +2 dagger (drain)
rCold  + . .     Gourm    .     j - +2 robe {rC+ rF+}
rNeg   . . .     Faith    .     (shield restricted)
rPois  .         Spirit   .     (helmet restricted)
rElec  .         Dismiss  .     f - +0 cloak
rCorr  .         Reflect  +     (gloves unavailable)
SustAt .         Harm     .     (boots unavailable)
MR     +....                    s - +3 amulet of reflection
Stlth  ++++......               (no ring)
                                t - ring of magical power

@: very quick, somewhat resistant to hostile enchantments, stealthy
A: unfitting armour, see invisible, herbivore 3, speed 3, slow metabolism 2
a: Depart the Abyss, Bend Space, Banish, Renounce Religion


You were on level 6 of the Dungeon.
You worshipped Lugonu.
Lugonu was most pleased with you.
You were not hungry.

You visited 1 branch of the dungeon, and saw 6 of its levels.
You visited the Abyss 1 time.

You collected 253 gold pieces.
You spent 65 gold pieces at shops.

Inventory:

Hand Weapons
 a - a +1 short sword
 r - a +2 dagger of draining (weapon)
Armour
 f - a +0 cloak (worn)
 j - a +2 robe of resistance (worn)
Jewellery
 i - an uncursed ring of ice
 s - a +3 amulet of reflection (around neck)
 t - a ring of magical power (left hand)
Scrolls
 d - a scroll of amnesia
 e - 4 scrolls of identify
 h - 4 scrolls of magic mapping
 k - 4 scrolls of remove curse
 m - a scroll of immolation {unknown}
 n - a scroll of fog {unknown}
 o - a scroll of random uselessness {unknown}
 q - 3 scrolls of fear
 x - a scroll of holy word {unknown}
Potions
 b - 2 potions of heal wounds
 g - a potion of berserk rage {unknown}
 l - 2 potions of curing
 p - a potion of cancellation
 u - a potion of invisibility
 v - a potion of lignification
Comestibles
 c - 3 bread rations


   Skills:
 + Level 4.5 Fighting
 + Level 5.2 Short Blades
 + Level 9.8 Dodging
 + Level 7.5 Stealth
 + Level 2.0 Invocations


You had 7 spell levels left.
You didn't know any spells.

Dungeon Overview and Level Annotations

Branches:
Dungeon (6/15)
 Temple: D:4-7

Altars:
Ashenzari
Elyvilon
Gozag
Makhleb
Nemelex Xobeh
Okawaru
Qazlal
Ru
Trog
Yredelemnul

Shops:
D:4 *

Annotations:
D:4 Krapule's ghost, amateur VSMo
D:6 Krapule's ghost, novice VSMo


Innate Abilities, Weirdness & Mutations

You are tiny and cannot use many weapons and most armour.
You have supernaturally acute eyesight.
You are a herbivore.
You cover ground extremely quickly.
You need consume almost no food.


Message History

A tengu warrior comes into view. It is wielding a great mace.
The tengu warrior moves out of view.
Press: ? - help, Shift-Dir - straight line, f - tengu warrior
Aim: a tengu warrior, wielding a great mace and wearing a leather armour (hasn't noticed you, chance to defeat MR: 67%)
You fail to use your ability.
Press: ? - help, Shift-Dir - straight line, f/p - tengu warrior
Aim: a tengu warrior, wielding a great mace and wearing a leather armour (hasn't noticed you, chance to defeat MR: 67%)
You fail to use your ability.
Press: ? - help, Shift-Dir - straight line, f/p - tengu warrior
Aim: a tengu warrior, wielding a great mace and wearing a leather armour (hasn't noticed you, chance to defeat MR: 67%)
You fail to use your ability.
Press: ? - help, Shift-Dir - straight line, f/p - tengu warrior
Aim: a tengu warrior, wielding a great mace and wearing a leather armour (hasn't noticed you, chance to defeat MR: 67%)
The tengu warrior shouts!
The tengu warrior struggles to resist.
You feel somewhat more hungry.
The tengu warrior unwields an uncursed great mace.
The tengu warrior wields a runed arbalest.
It bursts into flame!
The tengu warrior shoots a bolt.
The bolt hits you!!
Ouch! That really hurt!
You die...

#.#.......#,,,,,*,,
##.#...###.#,###.*,*
#..........#..$.l*,,
#.......#.....#,,,,,
#...###.#(###.#,**#,
#.......#(..).#....,
#...†...Q...).......
##...............$..
##@.......(.....###
################


You could see a tengu warrior.

Vanquished Creatures
  A yak (D:6)
  2 ice beasts (D:5)
  3 centaurs (D:6)
  A giant frog (D:6)
  A scorpion (D:4)
  A howler monkey (D:6)
  3 orc priests
  A giant frog skeleton (D:5)
  3 hounds
  A centaur skeleton (D:4)
  An iguana (D:5)
  4 orc wizards
  3 worker ants
  A hound skeleton (D:5)
  A worker ant zombie (D:5)
  5 adders
  4 gnolls (D:5)
  An ooze (D:2)
  An adder skeleton (D:4)
  4 worms
  2 dart slugs
  4 giant geckos
  14 orcs
  6 giant cockroaches
  7 goblins
  7 hobgoblins
  5 jackals
  3 quokkas
  5 bats
  A giant gecko zombie (D:5)
  4 giant newts
  2 jackal skeletons (D:4)
  2 jackal zombies (D:6)
  9 kobolds
  6 rats
119 creatures vanquished.

Vanquished Creatures (others)
  An orc wizard (D:5)
1 creature vanquished.

Grand Total: 120 creatures vanquished

Notes
Turn   | Place    | Note
--------------------------------------------------------------
     0 | Abyss:1  | Krapule the Spriggan Abyssal Knight began the quest for the Orb.
     0 | Abyss:1  | Reached XP level 1. HP: 11/11 MP: 3/3
    49 | Abyss:1  | Found an opulent altar of Gozag.
   141 | Abyss:1  | Noticed a large abomination
   188 | Abyss:1  | Noticed an ancient zyme
   193 | Abyss:1  | Noticed a spatial vortex
   194 | Abyss:1  | Noticed a spatial maelstrom
   196 | Abyss:1  | Noticed a spatial vortex
   214 | Abyss:1  | Noticed a hell hound
   217 | Abyss:1  | Noticed a golden eye
   220 | D:1      | Escaped the Abyss
   552 | D:1      | Reached * piety under Lugonu
   558 | D:1      | Reached XP level 2. HP: 14/16 MP: 4/4
   718 | D:1      | Reached skill level 1 in Stealth
  1269 | D:2      | Reached skill level 4 in Dodging
  1269 | D:2      | Reached XP level 3. HP: 20/20 MP: 5/5
  1638 | D:2      | Reached XP level 4. HP: 19/24 MP: 6/6
  2049 | D:2      | Reached ** piety under Lugonu
  2059 | D:2      | Found a white marble altar of Elyvilon.
  2066 | D:2      | Found a basalt altar of Yredelemnul.
  2074 | D:2      | Found an iron altar of Okawaru.
  2081 | D:2      | Found a stormy altar of Qazlal.
  2086 | D:2      | Found a bloodstained altar of Trog.
  2113 | D:2      | Found a sparkling altar of Nemelex Xobeh.
  2120 | D:2      | Found a sacrificial altar of Ru.
  2467 | D:3      | Found a burning altar of Makhleb.
  2468 | D:3      | Found a shattered altar of Ashenzari.
  2640 | D:3      | Reached XP level 5. HP: 28/28 MP: 7/7
  2671 | D:3      | Reached skill level 5 in Dodging
  2936 | D:4      | Reached XP level 6. HP: 19/32 MP: 8/8
  3030 | D:4      | Noticed Krapule's ghost (amateur VSMo)
  3467 | D:4      | Found Luvinomn's General Store.
  3478 | D:4      | Bought a potion of heal wounds for 65 gold pieces
  3565 | D:4      | Reached skill level 6 in Dodging
  3725 | D:4      | Reached *** piety under Lugonu
  3725 | D:4      | Reached skill level 5 in Stealth
  3806 | D:5      | Entered Level 5 of the Dungeon
  3808 | D:5      | Noticed an ice beast
  4095 | D:5      | Reached skill level 7 in Dodging
  4130 | D:5      | Noticed an ice beast
  4146 | D:5      | Killed an ice beast
  4146 | D:5      | Reached XP level 7. HP: 37/37 MP: 9/9
  4325 | D:5      | Found an opulent altar of Gozag.
  4516 | D:5      | Reached skill level 8 in Dodging
  4860 | D:6      | Noticed Krapule's ghost (novice VSMo)
  5081 | D:6      | Reached XP level 8. HP: 42/42 MP: 10/10
  5281 | D:6      | Reached skill level 9 in Dodging
  5315 | D:6      | Reached skill level 5 in Short Blades
  5362 | D:6      | Noticed a tengu warrior
  5367 | D:6      | Shot with a bolt by a tengu warrior

Skill      XL: |  1  2  3  4  5  6  7  8 |
---------------+-------------------------+-----
Stealth        | 1 2 3 4 5 6 7 |  7.5
Fighting       | 3 4 |  4.5
Dodging        | 4 5 7 8 9 |  9.8
Invocations    | 2 |  2.0
Short Blades   | 3 4 5 |  5.2

Action                   |  1- 3 |  4- 6 |  7- 9 || total
-------------------------+-------+-------+-------++-------
Melee: Short sword       |   131 |    71 |       ||   202
       Dagger            |       |   188 |   174 ||   362
Invok: Depart the Abyss  |     1 |       |       ||     1
       Banish            |       |       |     1 ||     1
  Use: Scroll            |       |     6 |     4 ||    10
 Stab: Sleeping          |     3 |    10 |     1 ||    14
       Distracted        |       |       |     1 ||     1
  Eat: Bread ration      |       |     1 |       ||     1
Armor: Robe              |    13 |    23 |    10 ||    46
Dodge: Dodged            |    94 |   165 |   112 ||   371
Block: Other             |       |     4 |    15 ||    19
       Reflection        |       |       |     1 ||     1
